 Dungeon Crawl Stone Soup version 0.22.1-2-g9c5b331 (webtiles) character file.

13056 Sjerrul the Grappler (level 11, -16/110 HPs)
             Began as a Troll Monk on Dec 28, 2018.
             Was a High Priest of Okawaru.
             Demolished by an orc warrior
             ... wielding a cursed -2 battleaxe
              (21 damage)
             ... on level 11 of the Dungeon.
             The game lasted 01:44:14 (10099 turns).

Sjerrul the Grappler (Troll Monk)                  Turns: 10099, Time: 01:44:14

Health: -16/110    AC: 16    Str: 21    XL:     11   Next: 70%
Magic:  11/13      EV: 13    Int:  8    God:    Okawaru [*****.]
Gold:   458        SH:  3    Dex: 15    Spells: 7/10 levels left

rFire    . . .     SeeInvis +   x - +8 quarterstaff of the Tiger {drain, rN+ MR++}
rCold    . . .     Gourm    +   (shield currently unavailable)
rNeg     + . .     Faith    .   v - +1 troll leather armour
rPois    .         Spirit   .   a - +3 crown of Dyrovepreva {rElec Int+2 SInv}
rElec    +         Reflect  +   C - +1 cloak
rCorr    .         Harm     .   (gloves unavailable)
MR       ++...                  (boots unavailable)
Stlth    +++.......             y - +3 amulet of reflection
HPRegen  1.08/turn              l - ring of flight
MPRegen  0.13/turn              k - +3 ring of protection

@: no status effects
A: large, unfitting armour, claws 3, horns 1, fast metabolism 3, gourmand, sense
surroundings 1, regeneration 1, shaggy fur 1, tough skin 2
a: Heroism, Finesse, Renounce Religion, Evoke Flight


You were on level 11 of the Dungeon.
You worshipped Okawaru.
Okawaru was extremely pleased with you.
You were full.

You visited 3 branches of the dungeon, and saw 13 of its levels.

You collected 458 gold pieces.

Inventory:

Hand Weapons
 c - a +3 great sword
 d - a +2 whip of electrocution
 o - a +3 halberd
 s - a +3 dagger
 w - a +1 hunting sling
 x - the +8 quarterstaff of the Tiger (weapon) {drain, rN+ MR++}
   (Okawaru gifted it to you on level 11 of the Dungeon)

   A truly terrible weapon, it drains the life of those it strikes.
   It protects you from negative energy.
   It affects your resistance to hostile enchantments.
 B - a +4 quarterstaff
Missiles
 e - 252 stones
 p - 2 throwing nets
 q - 124 sling bullets (quivered)
Armour
 a - the +3 crown of Dyrovepreva (worn) {rElec Int+2 SInv}
   (You acquired it on level 8 of the Dungeon)

   It affects your intelligence (+2).
   It insulates you from electricity.
   It lets you see invisible.
 f - a +0 troll leather armour
 v - a +1 troll leather armour (worn)
 C - a +1 cloak (worn)
 K - a +1 robe of cold resistance
 M - the +2 robe of Disappointment {rElec rF+}
   (You found it on level 4 of the Dungeon)

   It protects you from fire.
   It insulates you from electricity.
Jewellery
 k - a +3 ring of protection (right claw)
 l - a ring of flight (left claw)
 m - an uncursed ring of protection from fire
 y - a +3 amulet of reflection (around neck)
 A - an uncursed ring of wizardry
Wands
 i - a wand of polymorph (17)
 j - a wand of acid (4)
 N - a wand of iceblast (7)
Scrolls
 g - a scroll of remove curse
 h - 2 scrolls of enchant weapon
 r - a scroll of blinking
 z - a scroll of identify
 D - 3 scrolls of immolation
 I - 3 scrolls of teleportation
 O - a scroll of magic mapping
Potions
 n - 2 potions of flight
 u - 4 potions of curing
Comestibles
 b - 15 rations


   Skills:
 + Level 7.7 Fighting
 * Level 2.4 Staves
 - Level 0.3 Slings
 - Level 6.6 Dodging
 - Level 4.6 Stealth
 - Level 10.0 Unarmed Combat
 + Level 5.6 Summonings
 + Level 4.4 Invocations
 - Level 0.2 Evocations


You had 7 spell levels left.
You knew the following spells:

 Your Spells              Type           Power        Failure   Level  Hunger
a - Call Canine Familiar  Summ           #.......     16%         3    ####...

Your spell library contained the following spells:

 Spells                   Type           Power        Failure   Level  Hunger
 Summon Butterflies       Summ           #.......     4%          1    ##.....
 Beastly Appendage        Tmut           #.....       45%         1    ##.....
 Poisonous Vapours        Pois/Air       #.....       58%         2    ###....
 Sticks to Snakes         Tmut           #.......     58%         2    ###....
 Conjure Flame            Conj/Fire      #.......     83%         3    ####...
 Mephitic Cloud           Conj/Pois/Air  #.......     83%         3    ####...
 Spider Form              Tmut/Pois      #.........   83%         3    ####...
 Summon Ice Beast         Ice/Summ       #.......     85%         4    #####..
 Ice Form                 Ice/Tmut       #.......     99%         4    #####..
 Summon Mana Viper        Hex/Summ       #.......     99%         5    ######.
 Blade Hands              Tmut           #.........   100%        5    ######.
 Freezing Cloud           Conj/Ice/Air   #.........   100%        6    #######
 Ring of Flames           Chrm/Fire      #.........   100%        7    #######
 Summon Hydra             Summ           #.........   100%        7    #######


Dungeon Overview and Level Annotations

Branches:
Dungeon (11/15)            Temple (1/1) D:7            Lair (0/6) D:10
    Orc (1/2) D:11

Altars:
Ashenzari
Cheibriados
Dithmenos
Elyvilon
Fedhas
Gozag
Hepliaklqana
Kikubaaqudgha
Makhleb
Okawaru
Qazlal
Ru
Trog
Uskayaw
Vehumet
Wu Jian
Xom
Yredelemnul
Zin
The Shining One

Annotations:
D:2 Sigmund
D:5 2 transporters, kyoneko's ghost, novice GrAK
D:9 1 runed door


Innate Abilities, Weirdness & Mutations

You are too large for most types of armour.
You have claws for hands.
Your metabolism is lightning-fast.
You like to eat raw meat.
Your natural rate of healing is unusually fast.
You are covered in fur. (AC +1)
You have very tough skin. (AC +2)
You have a pair of small horns on your head.
You passively map a small area around you.


Message History

The orc priest misses you.
The orc wizard mumbles some strange words.
The orc wizard flickers and vanishes for a moment.
The orc warrior hits you with a battleaxe.
* * * LOW HITPOINT WARNING * * *
The orc hits you but does no damage.
You climb upwards.
Welcome back to the Dungeon!
There is a staircase to the Orcish Mines here.
You thump the orc warrior!
You kill the orc warrior!
Okawaru accepts your kill. The orc warrior completely misses you.
The orc wizard points at you and mumbles some strange words.
The magic dart hits you!
* * * LOW HITPOINT WARNING * * *
The orc priest hits you with a mace.
* * * LOW HITPOINT WARNING * * *
You block the orc's attack.
The orc warrior hits you with a battleaxe!!
You die...

......#.###.##............'......
#...)......####...####....######.
).....#.####....8....#....####.#.
...........#.........#...........
<..........#...[.....#...........
.....#######.........##..###...#.
...................)..#..########
....#+#####....ooo....#..#.......
............8..o@o..8............
................)................
..........#......................
..........##.........#...........
..........##..)...[..#...........
#######+####.........#...........
#### #.# #....8....#...........
...# #.## ####...####...........
...# #..#####...................


You could see 2 orc warriors, an orc priest, an orc wizard (invisible) and an
orc.

Vanquished Creatures
  A two-headed ogre (D:10)
  An ugly thing (D:8)
  A kobold demonologist (D:11)
  A gargoyle (D:11)
  The ghost of HoaS the Ruffian, a novice GrBe of Trog (D:4)
  4 trolls
  Prince Ribbit (D:9)
  3 hippogriffs
  11 yaks
  3 wyverns
  5 hungry ghosts
  A warg (Orc:1)
  6 orc warriors
  An ice beast (D:5)
  4 sky beasts
  3 phantoms
  2 necrophages
  3 wolves (D:10)
  2 centaurs
  6 ogres
  2 crocodiles
  9 bullfrogs
  3 big kobolds
  2 troll zombies (D:11)
  5 scorpions
  8 wights
  3 killer bees (D:10)
  7 howler monkeys
  3 electric eels (D:10)
  A bullfrog zombie (D:8)
  4 crimson imps
  12 hounds
  A quasit (D:8)
  3 centaur skeletons
  A jelly (D:9)
  3 bullfrog skeletons
  9 orc priests
  8 worker ants
  Natasha (thrice) (D:3)
  2 iguanas
  14 orc wizards
  2 killer bee zombies
  6 ogre zombies (D:11)
  A hound skeleton (D:11)
  2 worker ant zombies
  10 adders
  3 shadow imps
  3 oozes
  An adder zombie (D:6)
  2 adder skeletons
  A worm (D:3)
  6 leopard geckos
  19 orcs
  3 giant cockroaches
  3 goblins
  5 hobgoblins
  10 jackals
  4 quokkas
  3 ball pythons
  A ball python skeleton (D:6)
  7 bats
  5 frilled lizards
  2 goblin skeletons (D:11)
  2 goblin zombies (D:11)
  A hobgoblin zombie (D:11)
  A jackal skeleton (D:4)
  17 kobolds
  5 orc skeletons (D:11)
  15 orc zombies (D:11)
  2 quokka zombies
  5 rats
310 creatures vanquished.

Notes
Turn   | Place    | Note
-------+----------+-------------------------------------------
     0 | D:1      | Sjerrul the Troll Monk began the quest for the Orb.
     0 | D:1      | Reached XP level 1. HP: 22/22 MP: 0/0
   397 | D:1      | Reached XP level 2. HP: 29/29 MP: 1/1
  1077 | D:2      | Reached XP level 3. HP: 27/36 MP: 2/2
  1095 | D:2      | Noticed Sigmund
  1143 | D:3      | Noticed Natasha
  1149 | D:3      | Killed Natasha
  1314 | D:3      | Noticed a bullfrog
  1323 | D:3      | Killed a bullfrog
  1323 | D:3      | Reached skill level 4 in Unarmed Combat
  1323 | D:3      | Reached XP level 4. HP: 37/45 MP: 3/3
  1354 | D:3      | Found a snail-covered altar of Cheibriados.
  1373 | D:3      | Reached XP level 5. HP: 53/53 MP: 4/4
  1390 | D:3      | Found a basalt altar of Yredelemnul.
  1390 | D:3      | Found a shattered altar of Ashenzari.
  1391 | D:3      | Found a glowing silver altar of Zin.
  1670 | D:3      | Noticed Natasha
  1680 | D:3      | Killed Natasha
  2093 | D:3      | Noticed Natasha
  2098 | D:3      | Killed Natasha
  2408 | D:4      | Found a burning altar of Makhleb.
  2415 | D:4      | Noticed an ogre
  2419 | D:4      | Killed an ogre
  2419 | D:4      | Reached skill level 5 in Unarmed Combat
  2419 | D:4      | Reached XP level 6. HP: 61/61 MP: 5/5
  2554 | D:4      | Noticed HoaS's ghost (novice GrBe)
  2557 | D:4      | Found a runed door.
  2588 | D:4      | Killed HoaS's ghost
  2588 | D:4      | Reached skill level 6 in Unarmed Combat
  2588 | D:4      | Reached XP level 7. HP: 27/67 MP: 6/6
  2888 | D:4      | Found a radiant altar of Vehumet.
  3095 | D:4      | Got a steaming robe
  3106 | D:4      | Identified the +2 robe of Disappointment {rElec rF+} (You
                  | found it on level 4 of the Dungeon)
  3362 | D:4      | Gained mutation: You have a pair of small horns on your
                  | head. [potion of mutation]
  3362 | D:4      | Gained mutation: You passively map a small area around you.
                  | [potion of mutation]
  3368 | D:5      | Entered Level 5 of the Dungeon
  3428 | D:5      | Found a transporter.
  3431 | D:5      | Noticed kyoneko's ghost (novice GrAK)
  3457 | D:5      | Noticed a yak
  3467 | D:5      | Found a transporter.
  3691 | D:5      | Reached XP level 8. HP: 62/78 MP: 7/7
  3816 | D:5      | Found an iron altar of Okawaru.
  3869 | D:5      | Learned a level 3 spell: Call Canine Familiar
  3875 | D:5      | Became a worshipper of Warmaster Okawaru
  3875 | D:5      | Reached * piety under Okawaru
  3875 | D:5      | Reached ** piety under Okawaru
  4071 | D:6      | Reached skill level 7 in Unarmed Combat
  4330 | D:6      | Reached skill level 1 in Summonings
  4579 | D:6      | Reached skill level 5 in Dodging
  4871 | D:7      | Reached XP level 9. HP: 71/87 MP: 5/8
  4872 | D:7      | Reached *** piety under Okawaru
  4995 | D:7      | Found a shimmering altar of Xom.
  5062 | D:7      | Found a staircase to the Ecumenical Temple.
  5075 | D:7      | Reached skill level 5 in Fighting
  5233 | Temple   | Entered the Ecumenical Temple
  5965 | D:8      | Reached skill level 8 in Unarmed Combat
  6134 | D:8      | Found a blossoming altar of Fedhas.
  6309 | D:8      | Reached **** piety under Okawaru
  6338 | D:8      | Noticed a cyan ugly thing
  6347 | D:8      | Killed a cyan ugly thing
  6383 | D:8      | Reached XP level 10. HP: 88/98 MP: 9/9
  6764 | D:8      | Identified a scroll of acquirement
  6765 | D:8      | Found the +3 crown of Dyrovepreva {rElec Int+2 SInv}
  6940 | D:9      | Found a runed door.
  6940 | D:9      | Noticed a flayed ghost
  6940 | D:9      | Noticed an eight-headed hydra
  6942 | D:9      | Noticed a fire crab
  6942 | D:9      | Noticed a deep elf knight
  6942 | D:9      | Noticed a wolf spider
  7027 | D:9      | Noticed Prince Ribbit
  7039 | D:9      | Killed Prince Ribbit
  7150 | D:9      | Found a glowing golden altar of the Shining One.
  7151 | D:9      | Found an opulent altar of Gozag.
  7287 | D:9      | Reached ***** piety under Okawaru
  7427 | D:9      | Found an ornate altar of the Wu Jian Council.
  7931 | D:10     | Entered Level 10 of the Dungeon
  7931 | D:10     | Noticed a two-headed ogre
  7942 | D:10     | Killed a two-headed ogre
  7942 | D:10     | Reached skill level 9 in Unarmed Combat
  8110 | D:10     | Reached skill level 1 in Invocations
  8287 | D:10     | Found a staircase to the Lair.
  8378 | D:10     | Reached XP level 11. HP: 77/107 MP: 11/11
  8839 | D:11     | Reached skill level 5 in Summonings
  9009 | D:11     | Found a staircase to the Orcish Mines.
  9044 | D:11     | Received a gift from Okawaru
  9047 | D:11     | Got an ebony quarterstaff {god gift}
  9208 | D:11     | Identified the +8 quarterstaff of the Tiger {drain, rN+
                  | MR++} (Okawaru gifted it to you on level 11 of the Dungeon)
  9388 | D:11     | Reached skill level 10 in Unarmed Combat
  9451 | D:11     | Reached skill level 1 in Staves
 10037 | Orc:1    | Entered Level 1 of the Orcish Mines
 10099 | D:11     | HP: 5/110 [orc priest/mace (2)]
 10099 | D:11     | Demolished by an orc warrior

Skill      XL: |  1  2  3  4  5  6  7  8  9 10 11 |
---------------+----------------------------------+-----
Fighting       | 3 4 5 6 7 |  7.7
Dodging        | 3 4 5 6 |  6.6
Unarmed Combat | 4 5 6 7 8 9 10 | 10.0
Stealth        | 2 3 4 |  4.6
Summonings     | 1 3 4 5 |  5.6
Invocations    | 2 4 |  4.4
Staves         | 2 |  2.4
Slings         | |  0.3
Evocations     | |  0.2

Action                   |  1- 3 |  4- 6 |  7- 9 | 10-12 || total
-------------------------+-------+-------+-------+-------++-------
Melee: Unarmed           |    62 |    75 |   297 |   374 ||   808
       Punch             |     1 |     1 |     7 |    21 ||    30
       Headbutt          |       |       |    46 |    99 ||   145
       Quarterstaff      |       |       |       |   114 ||   114
 Fire: Hunting sling     |     4 |       |     5 |       ||     9
Throw: Stone             |       |       |     8 |       ||     8
 Cast: Call Canine Famil |       |       |     1 |       ||     1
Invok: Heroism           |       |       |     3 |     8 ||    11
       Finesse           |       |       |       |     1 ||     1
Evoke: Wand              |       |     4 |     8 |     9 ||    21
  Use: Potion            |     1 |     1 |     9 |     6 ||    17
       Scroll            |     3 |     7 |     4 |     6 ||    20
 Stab: Sleeping          |     4 |       |     9 |    10 ||    23
       Distracted        |       |       |     1 |       ||     1
  Eat: Chunk             |    13 |    14 |    33 |    48 ||   108
       Ration            |       |       |       |     2 ||     2
Armor: Robe              |    14 |    26 |    77 |    50 ||   167
       Troll leather arm |       |       |       |   165 ||   165
Dodge: Dodged            |    30 |    44 |   159 |   375 ||   608
Block: Other             |       |     9 |    34 |    74 ||   117
